 Dungeon Crawl Stone Soup version 0.31.0-9-g3a7656b989 (webtiles) character file.

Game seed: 9746654259242511771

190 qw the Skirmisher (level 5, 0/29 HPs)
             Began as a Deep Elf Hunter on Feb 2, 2024.
             Incinerated by a bombardier beetle (5 damage)
             ... with a burning spray
             ... on level 3 of the Dungeon.
             The game lasted 00:00:06 (1921 turns).

qw the Skirmisher (Deep Elf Hunter)                 Turns: 1921, Time: 00:00:07

Health: 0/29       AC:  6    Str: 10    XL:     5   Next: 41%
Magic:  7/7        EV: 11    Int: 14    God:
Gold:   106        SH:  0    Dex: 18    Spells: 4/4 levels left

rFire   . . .        a - +1 shortbow
rCold   . . .        (shield currently unavailable)
rNeg    . . .        e - +0 ring mail
rPois   .            (no helmet)
rElec   .            (no cloak)
rCorr   .            d - +0 pair of gloves
SInv    .            (no boots)
Will    .....        (no amulet)
Stlth   +            (no ring)
HPRegen 0.24/turn    (no ring)
MPRegen 0.10/turn

%: no passive effects
@: on fire, glowing
A: no striking features
a: no special abilities


You were on level 3 of the Dungeon.
You visited 1 branch of the dungeon, and saw 3 of its levels.

You collected 106 gold pieces.


   Skills:
 - Level 1.5 Fighting
 + Level 8.9 Ranged Weapons
 - Level 2.4 Dodging
 - Level 1.2 Stealth


You had 4 spell levels left.
You didn't know any spells.
Your spell library was empty.

Inventory:

Hand Weapons
 a - a +1 shortbow (weapon)
Armour
 d - a +0 pair of gloves (worn)
 e - a +0 ring mail (worn)
Potions
 b - a potion of curing {unknown}
 i - a potion of heal wounds
 j - a potion of mutation

Dungeon Overview and Level Annotations

Branches:
Dungeon (3/15)

Altars:
Makhleb
Qazlal


Message History

The bombardier beetle is heavily wounded.
A ball python comes into view.
You shoot an arrow.
The arrow barely misses the bombardier beetle.
The ball python hisses angrily.
The arrow hits the ball python.
The ball python is moderately wounded.
You shoot an arrow.
The arrow hits the bombardier beetle but does no damage.
The bombardier beetle is heavily wounded.
You shoot an arrow. The arrow hits the ball python!
You kill the ball python!
You shoot an arrow. The arrow hits the bombardier beetle.
The bombardier beetle is severely wounded.
You shoot an arrow.
The arrow hits the bombardier beetle but does no damage.
The bombardier beetle is severely wounded.
The bombardier beetle sprays incendiary fluid at you.
The burning spray hits you.
You are covered in liquid fire!
You shoot an arrow. The arrow hits the bombardier beetle.
The bombardier beetle is almost dead.
The liquid fire burns you!
You are on fire!
The liquid fire burns you!
You are on fire!
The liquid fire burns you!
You are on fire!
The liquid fire burns you!
You are on fire!
The liquid fire burns you!
You shoot an arrow. The arrow hits the bombardier beetle.
The bombardier beetle is almost dead.
The liquid fire burns you!
You shoot an arrow. The arrow hits the bombardier beetle.
You kill the bombardier beetle!
The liquid fire burns you!
You are on fire!
The liquid fire burns you!
You die...

#.#.##.# ##
#.#.##.#
.####)#....#
.......)...#
.########..#
.# #..### .#
#....#####
.#
#.##.....#
.#
#######.@#
###.
......#.#
....
~~~~~.#.#
###.
~~~..~#.#
...~.~#.#
._.~.~#.#
...~.~#.#
#.#


There were no monsters in sight!

Vanquished Creatures
  A phantom (D:3)
  A bombardier beetle (D:3)
  An adder (D:2)
  3 dart slugs
  4 orcs (D:3)
  6 ball pythons
  4 bats
  4 endoplasms
  5 giant cockroaches
  2 goblins (D:1)
  8 hobgoblins
  3 jackals (D:1)
  4 kobolds
  4 quokkas
  4 frilled lizards
  5 rats
59 creatures vanquished.

Notes
Turn   | Place    | Note
-------+----------+-------------------------------------------
     0 | D:1      | qw the Deep Elf Hunter began the quest for the Orb.
     0 | D:1      | Reached XP level 1. HP: 12/12 MP: 3/3
     0 | D:1      | 0 ||| qw: Version: 0.3-a-155-g5e7d8dd
     0 | D:1      | 0 ||| qw: Game counter: 2697
     0 | D:1      | 0 ||| qw: Melee chars always use a shield: true
     0 | D:1      | 0 ||| qw: God list: Okawaru
     0 | D:1      | 0 ||| qw: Allow faded altars: false
     0 | D:1      | 0 ||| qw: Do Orc after clearing Dungeon:15 true
     0 | D:1      | 0 ||| qw: Do second Lair branch before Depths: true
     0 | D:1      | 0 ||| qw: Lair rune preference: random
     0 | D:1      | 0 ||| qw: Goals: Normal
     0 | D:1      | 0 ||| PLANNING D:1-11
    53 | D:1      | HP: 3/12 [jackal (3)]
   132 | D:1      | Reached XP level 2. HP: 16/16 MP: 4/4
   162 | D:1      | Reached skill level 6 in Ranged Weapons
   575 | D:1      | Reached XP level 3. HP: 20/20 MP: 5/5
   891 | D:1      | 891 ||| UPGRADING to +0 pair of gloves.
   896 | D:1      | 896 ||| DROPPING scroll of butterflies.
   958 | D:2      | Found a burning altar of Makhleb.
  1004 | D:2      | Reached skill level 7 in Ranged Weapons
  1355 | D:2      | Found a faded altar of an unknown god.
  1359 | D:2      | Reached XP level 4. HP: 25/25 MP: 6/6
  1720 | D:2      | 1720 ||| UPGRADING to +0 ring mail.
  1730 | D:2      | 1730 ||| DROPPING +0 leather armour.
  1731 | D:2      | 1731 ||| READING scroll labelled SAIZYE BAISM.
  1736 | D:2      | 1736 ||| READING scroll labelled RIHAHU ZOIT.
  1736 | D:2      | 1736 ||| ENCHANTING +0 shortbow.
  1737 | D:2      | 1737 ||| READING scroll labelled RIDOLU MAKIUBB.
  1738 | D:2      | 1738 ||| READING scroll labelled LIEMUTZEUPP.
  1739 | D:2      | 1739 ||| READING 2 scrolls labelled SARCHA OZELIA.
  1739 | D:2      | 1739 ||| IDENTIFYING silvery potion
  1740 | D:2      | 1740 ||| READING scroll of identify.
  1740 | D:2      | 1740 ||| IDENTIFYING glowing clear potion
  1741 | D:2      | 1741 ||| READING scroll labelled BEOMUCZ MIYSK.
  1742 | D:2      | 1742 ||| DRINKING 3 inky potions.
  1743 | D:2      | 1743 ||| DRINKING 2 green potions.
  1744 | D:2      | 1744 ||| DROPPING potion of lignification.
  1745 | D:2      | 1745 ||| DROPPING 2 potions of brilliance.
  1759 | D:3      | Noticed a phantom
  1776 | D:3      | Killed a phantom
  1777 | D:3      | Reached skill level 8 in Ranged Weapons
  1777 | D:3      | Reached XP level 5. HP: 19/29 MP: 7/7
  1906 | D:3      | Found a stormy altar of Qazlal.
  1920 | D:3      | HP: 5/29 [burnt (5)]
  1921 | D:3      | Incinerated by a bombardier beetle

Levels and vault maps discovered:
D:1:      dpeg_arrival_arbitrary_c, layout_basic
D:2:      layout_basic, basic_altar,
          dreamdust_ecumenical_altar_hidden_monk_grotto, minmay_nonomino_d4
D:3:      layout_loops_ring, marbit_many_paths, mainiacjoe_overflow_paths,
          st_stairs_4, uniq_crazy_yiuf_cottage

Skill      XL: |  1  2  3  4 |
---------------+-------------+-----
Ranged Weapons | 6 7 8 |  8.9
Fighting       | |  1.5
Dodging        | |  2.4
Stealth        | |  1.2

Action                     |  1- 3 |  4- 6 || total
---------------------------+-------+-------++-------
   Fire: Shortbow          |   139 |    52 ||   191
    Use: Scroll            |       |     7 ||     7
         Potion            |       |     2 ||     2
 Armour: Leather armour    |    31 |       ||    31
         Ring mail         |       |    10 ||    10
  Dodge: Dodged            |    40 |     6 ||    46

Table legend:
 A = Non-vault XP
 B = Vault XP
 C = Vault XP percentage of total XP
 D = Non-vault monster count
 E = Vault monster count
 F = Vault count percentage of total count
                 A         B        C        D         E       F
            +---------+---------+-------+---------+---------+-------
      Total |     159 |     113 |  41.5 |      54 |       5 |   8.5
            +---------+---------+-------+---------+---------+-------
        D:1 |      54 |       0 |   0.0 |      29 |       0 |   0.0
        D:2 |      37 |      10 |  21.3 |      17 |       4 |  19.0
        D:3 |      68 |     103 |  60.2 |       8 |       1 |  11.1
            +---------+---------+-------+---------+---------+-------
